 Dungeon Crawl Stone Soup version 0.31-a0-543-geaa9c7a2c0 (webtiles) character file.

Game seed: 11452875310099639889

429 Ethylacetat the Ducker (level 6, -3/44 HPs)
             Began as an Octopode Gladiator on Aug 15, 2023.
             Was an Initiate of Gozag.
             Slain by a sleepcap (19 damage)
             ... on level 4 of the Dungeon.
             The game lasted 00:06:19 (3038 turns).

Ethylacetat the Ducker (Octopode Gladiator)         Turns: 3038, Time: 00:06:20

Health: -3/44      AC:  1    Str: 13    XL:     6   Next: 98%
Magic:  6/6        EV:  2    Int: 11    God:    Gozag
Gold:   496        SH:  0    Dex: 15    Spells: 5/5 levels left

rFire   . .          .
                       - Unarmed
rCold   + . .        (no shield)
rNeg    . . .        a - +0 hat
rPois   .            (no amulet)
rElec   .            p - ring of protection from cold
rCorr   .            (no ring)
SInv    .            (no ring)
Will    .....        (no ring)
Stlth   ++           (no ring)
HPRegen 0.27/turn    (no ring)
MPRegen 0.10/turn    (no ring)
                     (no ring)

%: no passive effects
@: sleeping
A: almost no armour, amphibious, 8 rings, camouflage 1, gelatinous body 1,
(nimble swimmer 1), tentacles
a: Renounce Religion, Potion Petition, Call Merchant, Bribe Branch


You were on level 4 of the Dungeon.
You worshipped Gozag.
Gozag was aware of your devotion.
You visited 1 branch of the dungeon, and saw 4 of its levels.
You also visited: Sewer.

You collected 534 gold pieces.
You paid 38 gold pieces to Gozag.

Inventory:

Missiles
 b - 3 throwing nets (quivered)
 c - a javelin
Armour
 a - a +0 hat (worn)
Jewellery
 p - a ring of protection from cold (left tentacle)
Scrolls
 e - a scroll of enchant armour {unknown}
 f - a scroll of brand weapon {unknown}
 i - 7 scrolls of teleportation {unknown}
 k - a scroll of amnesia {unknown}
 l - a scroll of torment {unknown}
 n - a scroll of noise {unknown}
 o - a scroll of poison {unknown}
 q - 2 scrolls of vulnerability {unknown}
 r - 2 scrolls of enchant weapon {unknown}
 t - 2 scrolls of summoning {unknown}
 x - a scroll of silence {unknown}
Potions
 d - 5 potions of magic {unknown}
 g - 2 potions of enlightenment {unknown}
 h - a potion of might {unknown}
 j - 3 potions of curing {unknown}
 m - a potion of lignification {unknown}
 s - a potion of heal wounds {unknown}
 u - 2 potions of attraction {unknown}
 v - 3 potions of brilliance {unknown}
 w - a potion of haste {unknown}


   Skills:
 + Level 4.4 Fighting
 - Level 2.0 Throwing
 + Level 5.0 Dodging
 + Level 4.9 Unarmed Combat


You had 5 spell levels left.
You didn't know any spells.
Your spell library contained the following spells:

 Spells                   Type           Power      Damage    Failure   Level
 Sandblast                Erth           0%         2d4       34%         1
 Passwall                 Tmut/Erth      0%         N/A       47%         2
 Stone Arrow              Conj/Erth      0%         3d7       71%         3


Dungeon Overview and Level Annotations

Branches:
Dungeon (4/15)              Sewer (visited)
 Temple: D:4-7

Altars:
Ashenzari
Gozag
Kikubaaqudgha
Makhleb
Nemelex Xobeh
Qazlal
Vehumet


Innate Abilities, Weirdness & Mutations

You cannot wear most types of armour.
You are amphibious.
You can wear up to eight rings at the same time.
Your skin changes colour to match your surroundings (Stealth+).
Your rubbery body absorbs attacks. (AC +1, EV +1)
((You are camouflaged when in or above water. (Stealth+)))
You have tentacles for arms and can constrict up to eight enemies at once.


Message History

You kill the goblin!
HP restored.
You now have 480 gold pieces (gained 6).
You see here a +0 club.
You now have 496 gold pieces (gained 16).
A sleepcap comes into view.
Found 13 gold pieces.
A sleepcap is nearby!
A sleepcap is nearby!
The sleepcap releases spores at you.
You are engulfed in a cloud of soporific spores!
You fall asleep.
The sleepcap releases spores at you!!
You wake up.
You are too injured to fight recklessly!
You are too injured to fight recklessly!
You are too injured to fight recklessly!
You are too injured to fight recklessly!
You are too injured to fight recklessly!
You tentacle-slap the sleepcap but do no damage.
You grab the sleepcap. You constrict the sleepcap.
The sleepcap completely misses you.
You tentacle-slap the sleepcap.
The sleepcap is lightly damaged.
You constrict the sleepcap. The sleepcap releases spores at you.
You bludgeon the sleepcap! You squeeze the sleepcap.
The sleepcap is heavily damaged.
You constrict the sleepcap, but do no damage.
The sleepcap closely misses you.
You tentacle-slap the sleepcap.
The sleepcap is heavily damaged.
You constrict the sleepcap. The sleepcap completely misses you.
You tentacle-slap the sleepcap.
The sleepcap is severely damaged.
You constrict the sleepcap. The sleepcap releases spores at you.
You are engulfed in a cloud of soporific spores!
You fall asleep.
You lose your grip on the sleepcap.
The sleepcap releases spores at you!!
You die...
Your body crumbles into a pile of gold.

#..........##..........
#.......###...........
#####.................
##.##.....######..
###..#.....#~~.~#..
#.#........##''##.#
######...........#~~#...
................##~~##.#
.......@........#~~~~#..
..#.#.#f........#~~~~#..
................##~~##..
..#.#.#..........#~~#...
$........#.##....'##'...
..#.#.#..####...........
#........#.#....##......
######........#####.....
..##.....#........


You could see a sleepcap.

Vanquished Creatures
  Pargi (Sewer)
  Blork the orc (D:4)
  A crimson imp (D:4)
  3 jellies (D:3)
  An iguana (D:4)
  3 adders
  5 orcs
  10 endoplasms
  7 giant cockroaches
  10 goblins
  6 hobgoblins
  4 jackals (D:2)
  9 kobolds
  6 quokkas
  9 ball pythons
  A bat (D:3)
  5 frilled lizards
  7 rats
89 creatures vanquished.

Notes
Turn   | Place    | Note
-------+----------+-------------------------------------------
     0 | D:1      | Ethylacetat the Octopode Gladiator began the quest for the
                  | Orb.
     0 | D:1      | Reached XP level 1. HP: 14/14 MP: 1/1
   249 | D:1      | Reached XP level 2. HP: 17/19 MP: 2/2
   450 | D:2      | Reached XP level 3. HP: 25/25 MP: 3/3
  1291 | D:3      | Found a stormy altar of Qazlal.
  1293 | D:3      | Found an opulent altar of Gozag.
  1294 | D:3      | Found a broken altar of Ashenzari.
  1296 | D:3      | Found a sparkling altar of Nemelex Xobeh.
  1299 | D:3      | Found an ancient bone altar of Kikubaaqudgha.
  1302 | D:3      | Became a worshipper of Gozag Ym Sagoz the Greedy
  1365 | D:3      | Reached XP level 4. HP: 30/30 MP: 4/4
  1719 | D:3      | Reached skill level 4 in Dodging
  1719 | D:3      | Reached XP level 5. HP: 28/36 MP: 5/5
  2210 | D:4      | Noticed Blork the orc
  2218 | D:4      | Killed Blork the orc
  2219 | D:4      | Reached XP level 6. HP: 43/43 MP: 6/6
  2284 | D:4      | Found a radiant altar of Vehumet.
  2285 | D:4      | Found a burning altar of Makhleb.
  2338 | D:4      | Found a glowing drain.
  2342 | Sewer    | Entered a sewer
  2392 | Sewer    | Noticed Pargi
  2530 | Sewer    | Killed Pargi
  2861 | D:4      | Reached skill level 5 in Dodging
  3038 | D:4      | Slain by a sleepcap

Illustrated notes

Levels and vault maps discovered:
D:1:      amcnicky_arrival_abandoned_market, layout_rooms, minmay_pentomino_z2
D:2:      minmay_evil_eye, layout_loops_ring, minivault_4
D:3:      cheibrodos_fertilizer, layout_rooms, minitemple, serial_bayou,
          serial_bayou_pond_a, serial_bayou_shore_a, serial_bayou_pond_d,
          serial_bayou_lagoon_a
D:4:      layout_cave_pools, grunt_temple_overflow_lords_of_destruction,
          gup_sewer_entry_bowl, serial_glass, glass_columns_a, glass_columns_a,
          glass_columns_b, glass_columns_a, glass_columns_b, glass_columns_a,
          glass_columns_c, glass_columns_a, uniq_blork_the_orc

Skill      XL: |  1  2  3  4  5  6 |
---------------+-------------------+-----
Fighting       | 3 4 |  4.4
Dodging        | 4 5 |  5.0
Unarmed Combat | 4 |  4.9
Throwing       | |  2.0

Action                     |  1- 3 |  4- 6 || total
---------------------------+-------+-------++-------
  Melee: Unarmed           |    76 |   117 ||   193
         Constrict         |    19 |    21 ||    40
         Tentacles         |     8 |    24 ||    32
         Punch             |     2 |     5 ||     7
  Evoke: Wand              |       |     1 ||     1
   Stab: Sleeping          |     8 |     6 ||    14
         Distracted        |     1 |       ||     1
 Armour: Skin              |     2 |     9 ||    11
  Dodge: Dodged            |    45 |    93 ||   138

Table legend: (Time is in decaauts)
 A = Elapsed time spent in this place.
 B = Non-inter-level travel time spent in this place.
 C = Inter-level travel time spent in this place.
 D = Time resting spent in this place.
 E = Time spent auto-exploring this place.
 F = Levels seen in this place.
 G = Mean time per level.
                   A        B        C        D        E       F      G
               +--------+--------+--------+--------+--------+-----+--------+
         Total |   3021 |   2930 |     91 |    152 |   2110 |   5 |  604.2 |
       Dungeon |   2576 |   2485 |     91 |     45 |   1865 |   4 |  644.0 |
         Sewer |    445 |    445 |      0 |    107 |    245 |   1 |  445.0 |
               +--------+--------+--------+--------+--------+-----+--------+

Top non-repeatable levels by time:
     D:3: 909 daAuts
     D:2: 767 daAuts
     D:4: 477 daAuts
   Sewer: 445 daAuts
     D:1: 422 daAuts
